 Dungeon Crawl Stone Soup version 0.20.1-1-g8b1a95d (webtiles) character file.

5170 Monsterracer the Geomancer (level 10, 0/85 HPs)
             Began as a Deep Dwarf Earth Elementalist on July 8, 2017.
             Was a Priest of Makhleb.
             Slain by a hippogriff (5 damage)
             ... on level 8 of the Dungeon.
             The game lasted 00:42:00 (9176 turns).

Monsterracer the Geomancer (DDEE)                   Turns: 9176, Time: 00:42:01

Health: 0/85       AC:  7    Str: 12 (13) XL:     10   Next: 34%
Magic:  12/17      EV: 14    Int: 17 (18) God:    Makhleb [***...]
Gold:   576        SH:  0    Dex: 12 (13) Spells: 5/20 levels left

rFire    . . .     SeeInvis .   s - +2 quarterstaff (vamp)
rCold    . . .     Gourm    .   (shield currently unavailable)
rNeg     . . .     Faith    .   c - +0 robe
rPois    .         Spirit   .   (no helmet)
rElec    .         Reflect  .   r - +1 cloak
rCorr    .         Harm     .   (no gloves)
MR       +....                  B - +2 pair of boots
Stlth    +.........             y - amulet of inaccuracy (curse)
Regen    0.0/turn               z - ring of loudness (curse)
MPRegen  0.2/turn               (no ring)

@: non-regenerating
A: damage resistance, heal wounds, sense surroundings 2, no regeneration
a: Heal Wounds, Minor Destruction, Lesser Servant of Makhleb, Renounce Religion


You were on level 8 of the Dungeon.
You worshipped Makhleb.
Makhleb was most pleased with you.
You were not hungry.

You visited 2 branches of the dungeon, and saw 9 of its levels.
You also visited: Sewer.

You collected 576 gold pieces.

Inventory:

Hand Weapons
 s - a +2 vampiric quarterstaff (weapon)
Missiles
 b - 133 stones (quivered)
Armour
 c - a +0 robe (worn)
 l - a +1 scale mail of fire resistance
 n - a cursed +0 scale mail
 r - a +1 cloak (worn)
 B - a +2 pair of boots (worn)
Jewellery
 y - a cursed amulet of inaccuracy (around neck)
 z - a cursed ring of loudness (left hand)
 C - an uncursed amulet of harm {unknown}
Wands
 j - a wand of lightning (5/15)
 m - a wand of iceblast (12/15)
Scrolls
 a - 9 scrolls of identify
 e - a scroll of fog
 p - a scroll of enchant weapon
 v - 2 scrolls of magic mapping
Potions
 k - 3 potions of heal wounds
 u - 3 potions of curing
 w - a potion of cancellation
 x - 3 potions of flight
Comestibles
 d - 6 bread rations
 f - 7 meat rations
 g - 4 chunks of flesh
 o - 5 fruits


   Skills:
 + Level 4.1 Fighting
 * Level 6.1 Staves
 + Level 5.3 Dodging
 - Level 2.4 Stealth
 + Level 5.5 Spellcasting
 - Level 4.0 Conjurations
 - Level 0.8 Transmutations
 * Level 11.7 Earth Magic
 + Level 4.0 Invocations


You had 5 spell levels left.
You knew the following spells:

 Your Spells              Type           Power        Failure   Level  Hunger
a - Sandblast             Erth           #####.       1%          1    None
b - Petrify               Tmut/Erth      ####....     10%         4    ####...
c - Stone Arrow           Conj/Erth      ####..       1%          3    ##.....
d - Lee's Rapid Deconstr  Erth           #####.....   3%          5    ######.
e - Passwall              Tmut/Erth      ####......   1%          2    #......


Dungeon Overview and Level Annotations

Branches:
Dungeon (8/15)             Temple (1/1) D:5
   Lair: D:8-11

Altars:
Fedhas
Makhleb
Nemelex Xobeh
Vehumet
Xom

Shops:
D:5 =

Annotations:
D:3 Terandir's ghost, amateur MiFi


Innate Abilities, Weirdness & Mutations

You are resistant to damage.
You can heal yourself by infusing magical energy.
You passively map the area around you.
You do not regenerate.


Message History

The hippogriff bites you but does no damage.
The hippogriff pecks you.
* * * LOW HITPOINT WARNING * * *
The hippogriff barely misses you.
Damage: -3%(-3hp) hp: 15%(12hp)
You hit the hippogriff.
You feel better.
The hippogriff is severely wounded.
The hippogriff barely misses you.
The hippogriff pecks you but does no damage.
The hippogriff barely misses you.
You hit the hippogriff but do no damage.
The hippogriff is severely wounded.
The hippogriff barely misses you. The hippogriff pecks you!
* * * LOW HITPOINT WARNING * * *
The hippogriff closely misses you. The crimson imp misses you.
Huge Dmg: -10%(-8hp) hp: 6%(5hp)
You closely miss the hippogriff.
The hippogriff is severely wounded.
The crimson imp barely misses you. The hippogriff bites you.
You die...

♣♣♣♣≈≈≈#.....#.........#####.#
###########...............# *
#...)......####.# *
#....<.....)[)..# *
##........####### ,
##........# , #..........#
#..........# ######H@5.......#
, *##...............#
..#.......>........#
...................## ,
,,..................## *
.##..............## * ,
#..............# ,
................# *
,.................


You could see a hippogriff and a crimson imp.

Vanquished Creatures
  The ghost of Quirk the Slasher, a novice VSFi (D:7)
  A troll (D:8)
  Sigmund (D:4)
  Eustachio (D:5)
  Edmund (D:5)
  Menkaure (D:4)
  A water moccasin (D:8)
  3 orc warriors
  A sky beast (D:7)
  2 ice beasts
  2 phantoms
  A black bear (D:6)
  2 necrophages
  7 ogres
  2 big kobolds
  2 bullfrogs (D:7)
  A scorpion (D:5)
  A water moccasin skeleton (D:7)
  3 wights (D:7)
  11 killer bees
  3 bullfrog zombies
  3 crimson imps
  A jelly (D:5)
  A gnoll shaman (D:8)
  2 orc priests (D:7)
  Crazy Yiuf (D:5)
  3 hounds
  12 orc wizards
  A centaur skeleton (D:4)
  An iguana (D:7)
  A worker ant (D:7)
  Natasha (thrice) (D:2)
  3 hound skeletons
  A howler monkey zombie (D:6)
  9 gnolls
  10 adders
  3 river rats
  3 shadow imps
  An adder skeleton (D:7)
  2 worms
  4 dart slugs (D:1)
  8 leopard geckos
  27 orcs
  8 giant cockroaches
  12 goblins
  10 hobgoblins
  8 jackals
  14 kobolds
  4 quokkas
  A ball python (D:2)
  3 bats
  6 frilled lizards
  A leopard gecko skeleton (D:6)
  A leopard gecko zombie (D:4)
  A quokka skeleton (D:6)
  12 rats
229 creatures vanquished.

Notes
Turn   | Place    | Note
-------+----------+-------------------------------------------
     0 | D:1      | Monsterracer the Deep Dwarf Earth Elementalist began the quest for the Orb.
     0 | D:1      | Reached XP level 1. HP: 15/15 MP: 3/3
   125 | D:1      | Reached XP level 2. HP: 16/22 MP: 1/5
   130 | D:1      | Learned a level 2 spell: Passwall
   474 | D:1      | Reached skill level 5 in Earth Magic
   734 | D:1      | Reached XP level 3. HP: 20/28 MP: 4/6
   831 | D:1      | Learned a level 3 spell: Stone Arrow
  1311 | D:2      | You fall through a shaft for 2 floors!
  1651 | D:2      | Reached XP level 4. HP: 13/36 MP: 0/7
  1762 | D:2      | Noticed Natasha
  1767 | D:2      | Killed Natasha
  1767 | D:2      | Reached skill level 6 in Earth Magic
  1872 | D:2      | Reached skill level 1 in Conjurations
  1973 | D:2      | Noticed Natasha
  2026 | D:2      | Killed Natasha
  2115 | D:2      | Noticed Natasha
  2118 | D:2      | Killed Natasha
  2118 | D:2      | Reached XP level 5. HP: 42/42 MP: 7/9
  2239 | D:2      | Found a shimmering altar of Xom.
  2403 | D:3      | Noticed Terandir's ghost (amateur MiFi)
  2651 | D:3      | Noticed an ogre
  2674 | D:3      | Killed an ogre
  2674 | D:3      | Reached skill level 7 in Earth Magic
  2674 | D:3      | Reached XP level 6. HP: 38/49 MP: 0/10
  2683 | D:3      | Learned a level 5 spell: Lee's Rapid Deconstruction
  3227 | D:4      | Noticed Menkaure
  3229 | D:4      | Killed Menkaure
  3280 | D:4      | Reached skill level 8 in Earth Magic
  3501 | D:4      | Reached XP level 7. HP: 26/55 MP: 0/12
  3640 | D:4      | Noticed Sigmund
  3647 | D:4      | Killed Sigmund
  3769 | D:4      | Reached skill level 1 in Fighting
  3991 | D:4      | Reached skill level 9 in Earth Magic
  4191 | D:5      | Entered Level 5 of the Dungeon
  4200 | D:5      | Reached XP level 8. HP: 21/64 MP: 1/13
  4494 | D:5      | Noticed Edmund
  4521 | D:5      | Killed Edmund
  4644 | D:5      | Found a glowing drain.
  4648 | Sewer    | Entered a sewer
  4800 | Sewer    | Found a white marble altar of Elyvilon.
  4924 | D:5      | Noticed Eustachio
  4938 | D:5      | Killed Eustachio
  4938 | D:5      | Reached skill level 10 in Earth Magic
  5095 | D:5      | Found a staircase to the Ecumenical Temple.
  5101 | Temple   | Entered the Ecumenical Temple
  5116 | Temple   | Became a worshipper of Makhleb the Destroyer
  5243 | D:5      | Found a runed door.
  5247 | D:5      | Noticed Crazy Yiuf
  5249 | D:5      | Killed Crazy Yiuf
  5342 | D:5      | Found Vekhlem's Jewellery Boutique.
  5387 | D:5      | Reached skill level 1 in Invocations
  5978 | D:6      | Gained mutation: You passively map the area around you. [Deep Dwarf growth]
  5978 | D:6      | Reached XP level 9. HP: 23/75 MP: 8/15
  6213 | D:6      | Reached * piety under Makhleb
  6693 | D:6      | Reached skill level 11 in Earth Magic
  6783 | D:6      | Found a sparkling altar of Nemelex Xobeh.
  7020 | D:7      | Noticed Quirk's ghost (novice VSFi)
  7033 | D:7      | Killed Quirk's ghost
  7033 | D:7      | Reached skill level 1 in Staves
  7033 | D:7      | Reached skill level 5 in Dodging
  7033 | D:7      | Reached skill level 5 in Spellcasting
  7043 | D:7      | Learned a level 4 spell: Petrify
  7483 | D:7      | Reached ** piety under Makhleb
  8193 | D:7      | Reached XP level 10. HP: 42/85 MP: 13/17
  8656 | D:8      | Reached skill level 5 in Staves
  9034 | D:7      | Reached *** piety under Makhleb
  9176 | D:8      | Slain by a hippogriff

Skill      XL: |  1  2  3  4  5  6  7  8  9 10 |
---------------+-------------------------------+-----
Spellcasting   | 2 3 4 5 |  5.5
Earth Magic    | 5 6 7 8 9 10 11 | 11.7
Conjurations   | 1 2 3 4 |  4.0
Fighting       | 1 3 4 |  4.1
Dodging        | 3 4 5 |  5.3
Invocations    | 1 3 4 |  4.0
Staves         | 3 6 |  6.1
Stealth        | |  2.4
Transmutations | |  0.8

Action                   |  1- 3 |  4- 6 |  7- 9 | 10-12 || total
-------------------------+-------+-------+-------+-------++-------
Melee: Club              |     3 |       |       |       ||     3
       Unarmed           |     3 |       |       |       ||     3
       Whip              |    49 |       |       |       ||    49
       Dagger            |       |    33 |    82 |       ||   115
       Quarterstaff      |       |       |    26 |   132 ||   158
 Cast: Sandblast         |    49 |    21 |   104 |    15 ||   189
       Stone Arrow       |     3 |    21 |    58 |    25 ||   107
       Lee's Rapid Decon |       |       |    11 |     3 ||    14
 Abil: Heal Wounds       |       |     1 |     5 |       ||     6
  Use: Potion            |     3 |     1 |     5 |     3 ||    12
       Scroll            |       |    10 |     6 |     1 ||    17
 Stab: Sleeping          |     1 |     2 |     3 |       ||     6
       Invisible         |       |       |       |     5 ||     5
  Eat: Chunk             |     4 |     7 |    23 |     6 ||    40
Armor: Robe              |    25 |    17 |    39 |    40 ||   121
Dodge: Dodged            |    41 |    24 |    97 |   149 ||   311
